 Dungeon Crawl Stone Soup version 0.17-a0-2198-g482c6e3 (webtiles) character file.

70 Morbidden the Conjurer (level 3, -1/26 HPs)
             Began as a Demigod Conjurer on Oct 26, 2015.
             Slain by Natasha (5 damage)
             ... on level 2 of the Dungeon.
             The game lasted 00:05:40 (1274 turns).

Morbidden the Conjurer (Demigod Conjurer)           Turns: 1274, Time: 00:05:40

Health: -1/26      AC:  4    Str: 11    XL:     3   Next: 76%
Magic:  0/8        EV: 12    Int: 21    God:
Gold:   31         SH:  0    Dex: 16    Spells: 2 memorised, 1 level left

rFire  . . .     SeeInvis .     (no weapon)
rCold  . . .     Clarity  .     a - +0 robe
rNeg   . . .     SustAt   +     (no shield)
rPois  .         Gourm    .     m - +0 helmet
rElec  .         Spirit   .     (no cloak)
rCorr  .         Warding  .     d - +0 pair of gloves
rMut   .         Stasis   .     (no boots)
MR     .....                    (no amulet)
Stlth  ++........               (no ring)
                                (no ring)

@: not resistant to hostile enchantments, unstealthy
A: high mp 1, sustain attributes
a: no special abilities


You were on level 2 of the Dungeon.
You were very hungry.

You visited 1 branch of the dungeon, and saw 2 of its levels.

You collected 31 gold pieces.

Inventory:

Armour
 a - a +0 robe (worn)
 d - a +0 pair of gloves (worn)
 m - a +0 helmet (worn)
Scrolls
 e - a scroll of recharging
 f - a scroll of teleportation {unknown}
 g - a scroll of amnesia {unknown}
 h - a scroll of identify {unknown}
 i - a scroll of magic mapping {unknown}
 j - a scroll of remove curse {unknown}
 k - a scroll of noise {unknown}
Books
 b - a book of Conjurations

   Spells                             Type                      Level
   a - Magic Dart                     Conjuration                  1
   b - Searing Ray                    Conjuration                  2
   c - Dazzling Spray                 Conjuration/Hexes            3
   d - Fulminant Prism                Conjuration/Hexes            4
   e - Iskenderun's Mystic Blast      Conjuration                  4
   f - Iskenderun's Battlesphere      Conjuration/Charms           5
Comestibles
 c - 4 bread rations
 l - 3 chunks of flesh


   Skills:
 - Level 1.7 Dodging
 - Level 1.7 Stealth
 + Level 1.9 Spellcasting
 + Level 5.0 Conjurations
 * Level 0.3 Hexes


You had one spell level left.
You knew the following spells:

 Your Spells              Type           Power        Failure   Level  Hunger
a - Magic Dart            Conj           ###.         1%          1    #......
b - Dazzling Spray        Conj/Hex       ##......     17%         3    ###....


Dungeon Overview and Level Annotations

Branches:
Dungeon (2/15)

Annotations:
D:2 Natasha


Innate Abilities, Weirdness & Mutations

You have an increased reservoir of magic (+10% MP).
Your attributes are resistant to harm.


Message History

Casting: Magic Dart
Confirm with . or Enter, or press ? or * to list all spells.
Aiming: Magic Dart
Press: ? - help, Shift-Dir - straight line, f/p - Natasha
Aim: Natasha (severely wounded)
The magic dart hits Natasha.
Natasha is almost dead.
The crimson imp summons a swarm of flies.
The crimson imp hits you.
* * * LOW HITPOINT WARNING * * *
Natasha claws you.
* * * LOW HITPOINT WARNING * * *
You aren't carrying any potions.
Unknown command.
Read which item? (? for menu, Esc to quit)
As you read the scroll labeled VARAUL ICWOCEI, it crumbles to dust.
It is a scroll of recharging.
You aren't carrying any rechargeable items.
The crimson imp misses you. Natasha claws you.
You die...

.h....##### #..## #.........#
#..# #.........# ...##
#.###.....# #... #.# #.....#
...... #.# #.....######## ...
###### #.# #.....'......# ..# #
#h# #.....######5# #.# # #.#
##+#..# #@# #.# # #.# #..######h#
#.# # #.### #.......#5# #.# #
..... ##.####.#.# #.# # ..#
#####......#.# #.###### # ..#
#.......ยง###.# #......#### .##
#........5...# ##.8...8.##.
######################......)..#.
......................8...>...8.(


You could see Natasha, a crimson imp and a shadow imp.

Vanquished Creatures
  Natasha (twice) (D:2)
  An adder (D:2)
  3 bats
  2 giant cockroaches
  4 goblins (D:1)
  3 hobgoblins
  4 giant newts
  5 kobolds
  6 rats
30 creatures vanquished.

Notes
Turn   | Place    | Note
--------------------------------------------------------------
     0 | D:1      | Morbidden the Demigod Conjurer began the quest for the Orb.
     0 | D:1      | Reached XP level 1. HP: 14/14 MP: 5/5
   161 | D:1      | Reached skill level 4 in Conjurations
   246 | D:1      | Reached XP level 2. HP: 14/20 MP: 7/7
   648 | D:2      | Noticed Natasha
   667 | D:2      | Killed Natasha
   667 | D:2      | Reached XP level 3. HP: 5/26 MP: 0/8
   974 | D:2      | Learned a level 3 spell: Dazzling Spray
   989 | D:2      | Found a shadowy altar of Dithmenos.
  1212 | D:2      | Noticed Natasha
  1219 | D:2      | Killed Natasha
  1219 | D:2      | Reached skill level 5 in Conjurations
  1224 | D:2      | Noticed Natasha
  1274 | D:2      | Slain by Natasha

Vault maps used:
D:1:      dpeg_arrival_solitude, st_stairs_10, minmay_misc_feat_tower
D:2:      lemuel_doored_altar, grunt_ministairs_2, feat_on_display, uniq_natasha

Action                   || total
-------------------------++-------
Melee: Unarmed           ||    39
 Cast: Magic Dart        ||    66
  Use: Potion            ||     1
       Scroll            ||     1
 Stab: Sleeping          ||     1
  Eat: Chunk             ||     1
